[ AOE2 MATCH · #505445947 ]
UnrankedCumans vs Vietnamese
[ REPLAY ANALYSIS · EXTRACTED FROM THE RECORDED GAME ]
Feudal
10:38
Castle
26:37
Imperial
—
| APM avg | 48.8 |
| APM peak | 70 |
| eAPM avg | 30.4 |
| Villagers / military | 118 / 9 |
Focus
⚔️ 32.2% · 🌾 67.8%
Skirmisher ×5 · Spearman ×4
Feudal
13:18
Castle
17:39
Imperial
—
| APM avg | 45.8 |
| APM peak | 93 |
| eAPM avg | 26.4 |
| Villagers / military | 87 / 62 |
Focus
⚔️ 37.5% · 🌾 62.5%
Cavalry Archer ×58 · Monk ×3 · Skirmisher ×1
Feudal
11:01
Castle
22:41
Imperial
—
| APM avg | 51.0 |
| APM peak | 91 |
| eAPM avg | 27.4 |
| Villagers / military | 74 / 51 |
Focus
⚔️ 30.8% · 🌾 69.2%
Cavalry Archer ×40 · Scout Cavalry ×10 · Spearman ×1
Feudal
12:48
Castle
24:58
Imperial
—
| APM avg | 36.0 |
| APM peak | 73 |
| eAPM avg | 21.2 |
| Villagers / military | 85 / 9 |
Focus
⚔️ 37.8% · 🌾 62.2%
Fishing Ship ×4 · Spearman ×3 · Monk ×2 · Skirmisher ×2 · Scout Cavalry ×2
Feudal
13:43
Castle
17:17
Imperial
—
| APM avg | 33.8 |
| APM peak | 68 |
| eAPM avg | 18.3 |
| Villagers / military | 72 / 19 |
Focus
⚔️ 26.5% · 🌾 73.5%
Knight ×19
Feudal
11:23
Castle
24:21
Imperial
—
| APM avg | 48.7 |
| APM peak | 103 |
| eAPM avg | 19.7 |
| Villagers / military | 70 / 18 |
Focus
⚔️ 41.0% · 🌾 59.0%
Unknown (1944) ×17 · Scout Cavalry ×12 · Spearman ×6
Match map
Initial resources + every placement click. Lines = walls · curves = elevation contours. ◆ gold · ⬟ stone · ● berries · ✦ relic · ◌ wall gap
Your base· Open — 3t gap
[R1] Duke PEÑAROL Thompson's base· Open — unwalled flank
Carnage's base· Open — 13t gap
[R1] 12Tirador's base· Open — unwalled flank
CristinaLover's base· Open — 14t gap
Moneimon's base· Open — 7t gap
Smoothed initial terrain · ◌ = detected wall gap · hover for details
Inputs per minute
— TAG_Sitaux - - [R1] Duke PEÑAROL Thompson
Build order — TAG_Sitaux
First 150 of 275 actions detected
| 0:05 | Build | Town Center |
| 2:10 | Build | House |
| 2:13 | Create | Villager (Male) |
| 2:13 | Create | Villager (Male) |
| 2:13 | Create | Villager (Male) |
| 2:16 | Create | Villager (Male) |
| 3:29 | Create | Villager (Male) |
| 3:29 | Create | Villager (Male) |
| 3:58 | Create | Villager (Male) |
| 3:59 | Create | Villager (Male) |
| 4:14 | Create | Villager (Male) |
| 4:15 | Create | Villager (Male) |
| 4:29 | Build | House |
| 4:30 | Build | House |
| 4:51 | Create | Villager (Male) |
| 4:54 | Create | Villager (Male) |
| 4:59 | Build | Lumber Camp |
| 5:06 | Create | Villager (Male) |
| 5:53 | Create | Villager (Male) |
| 5:53 | Create | Villager (Male) |
| 6:19 | Create | Villager (Male) |
| 6:52 | Build | Palisade Wall |
| 6:54 | Build | Palisade Wall |
| 6:56 | Build | Palisade Wall |
| 6:58 | Create | Villager (Male) |
| 7:04 | Build | Palisade Gate |
| 7:15 | Build | Palisade Wall |
| 7:30 | Create | Villager (Male) |
| 7:32 | Build | Mill |
| 8:00 | Create | Villager (Male) |
| 8:26 | Research | Feudal Age |
| 8:26 | Research | Feudal Age |
| 10:33 | Create | Villager (Male) |
| 10:38 | Age | Feudal Age |
| 10:40 | Build | Town Center |
| 10:42 | Research | Double-Bit Axe |
| 10:58 | Build | House |
| 11:00 | Create | Villager (Male) |
| 11:17 | Create | Villager (Male) |
| 11:28 | Build | Palisade Wall |
| 11:44 | Build | Palisade Wall |
| 11:45 | Create | Villager (Male) |
| 11:50 | Create | Villager (Male) |
| 12:02 | Create | Villager (Male) |
| 12:02 | Create | Villager (Male) |
| 12:13 | Create | Villager (Male) |
| 12:39 | Create | Villager (Male) |
| 12:48 | Research | Loom |
| 12:57 | Build | Mill |
| 12:59 | Build | Palisade Wall |
| 13:02 | Build | Palisade Wall |
| 13:02 | Build | Palisade Wall |
| 13:03 | Build | Palisade Wall |
| 13:04 | Create | Villager (Male) |
| 13:05 | Build | Palisade Wall |
| 13:07 | Build | Palisade Wall |
| 13:08 | Build | Palisade Wall |
| 13:09 | Build | Palisade Wall |
| 13:09 | Build | Palisade Wall |
| 13:10 | Build | Palisade Wall |
| 13:11 | Create | Villager (Male) |
| 13:17 | Create | Villager (Male) |
| 13:23 | Create | Villager (Male) |
| 13:25 | Build | House |
| 13:31 | Create | Villager (Male) |
| 13:47 | Create | Villager (Male) |
| 14:00 | Create | Villager (Male) |
| 14:08 | Create | Villager (Male) |
| 14:17 | Build | Palisade Wall |
| 14:20 | Build | House |
| 14:20 | Build | Palisade Wall |
| 14:21 | Build | Palisade Wall |
| 14:23 | Build | Palisade Wall |
| 14:25 | Create | Villager (Male) |
| 14:25 | Create | Villager (Male) |
| 14:55 | Create | Villager (Male) |
| 15:11 | Create | Villager (Male) |
| 15:22 | Build | Barracks |
| 15:24 | Create | Villager (Male) |
| 15:39 | Research | Town Watch |
| 15:39 | Research | Town Watch |
| 15:41 | Create | Villager (Male) |
| 15:55 | Create | Spearman |
| 16:00 | Create | Villager (Male) |
| 16:09 | Create | Spearman |
| 16:11 | Build | House |
| 16:21 | Create | Spearman |
| 16:24 | Create | Spearman |
| 16:26 | Create | Villager (Male) |
| 16:30 | Create | Villager (Male) |
| 16:39 | Create | Villager (Male) |
| 16:49 | Create | Villager (Male) |
| 16:50 | Build | House |
| 16:54 | Build | Palisade Wall |
| 17:00 | Build | Palisade Wall |
| 17:04 | Create | Villager (Male) |
| 17:06 | Create | Villager (Male) |
| 17:07 | Build | House |
| 17:23 | Build | Mining Camp |
| 17:26 | Build | Mining Camp |
| 17:30 | Build | Farm |
| 17:32 | Create | Villager (Male) |
| 17:40 | Build | Palisade Wall |
| 17:43 | Build | Palisade Wall |
| 17:44 | Build | Palisade Wall |
| 17:47 | Build | Palisade Wall |
| 17:50 | Build | Palisade Wall |
| 17:52 | Build | Mining Camp |
| 17:55 | Create | Villager (Male) |
| 17:59 | Build | Farm |
| 18:08 | Create | Villager (Male) |
| 18:21 | Build | Archery Range |
| 18:30 | Create | Villager (Male) |
| 18:30 | Create | Villager (Male) |
| 18:30 | Create | Villager (Male) |
| 18:33 | Build | Farm |
| 18:34 | Build | Farm |
| 18:41 | Create | Villager (Male) |
| 18:43 | Build | House |
| 18:44 | Build | House |
| 18:53 | Create | Villager (Male) |
| 19:05 | Build | Farm |
| 19:06 | Create | Skirmisher |
| 19:11 | Build | Palisade Wall |
| 19:12 | Create | Villager (Male) |
| 19:16 | Build | Palisade Wall |
| 19:19 | Create | Skirmisher |
| 19:20 | Create | Villager (Male) |
| 19:23 | Create | Villager (Male) |
| 19:28 | Build | Watch Tower |
| 19:35 | Create | Villager (Male) |
| 19:38 | Build | Farm |
| 19:39 | Build | Farm |
| 19:40 | Build | Farm |
| 19:40 | Create | Villager (Male) |
| 19:41 | Create | Villager (Male) |
| 19:41 | Create | Villager (Male) |
| 19:42 | Build | Farm |
| 19:44 | Build | Farm |
| 19:46 | Create | Skirmisher |
| 20:11 | Build | Farm |
| 20:11 | Build | Mill |
| 20:14 | Build | Farm |
| 20:14 | Build | Farm |
| 20:27 | Build | Outpost |
| 20:29 | Create | Villager (Male) |
| 20:34 | Build | Outpost |
| 20:38 | Build | Market |
| 20:43 | Research | Horse Collar |
| 20:43 | Research | Horse Collar |
Build order — [R1] Duke PEÑAROL Thompson
First 150 of 265 actions detected
| 0:43 | Build | Town Center |
| 2:02 | Build | House |
| 2:46 | Create | Villager (Male) |
| 2:46 | Create | Villager (Male) |
| 2:46 | Create | Villager (Male) |
| 2:47 | Create | Villager (Male) |
| 3:41 | Create | Villager (Male) |
| 4:06 | Create | Villager (Male) |
| 4:35 | Build | Lumber Camp |
| 4:40 | Build | Palisade Wall |
| 4:42 | Build | Palisade Wall |
| 4:45 | Create | Villager (Male) |
| 5:07 | Build | House |
| 5:10 | Build | House |
| 5:17 | Build | House |
| 5:22 | Create | Villager (Male) |
| 5:26 | Create | Villager (Male) |
| 6:32 | Create | Villager (Male) |
| 6:35 | Create | Villager (Male) |
| 6:35 | Create | Villager (Male) |
| 6:39 | Build | House |
| 7:05 | Create | Villager (Male) |
| 7:05 | Create | Villager (Male) |
| 7:05 | Create | Villager (Male) |
| 7:44 | Build | House |
| 7:47 | Build | Palisade Wall |
| 7:49 | Build | Palisade Wall |
| 7:52 | Build | Palisade Wall |
| 7:55 | Build | Palisade Wall |
| 8:00 | Build | Palisade Wall |
| 8:02 | Build | Palisade Wall |
| 8:05 | Build | Palisade Wall |
| 8:19 | Create | Villager (Male) |
| 8:19 | Create | Villager (Male) |
| 8:22 | Create | Villager (Male) |
| 8:25 | Build | Palisade Wall |
| 8:32 | Create | Villager (Male) |
| 8:33 | Create | Villager (Male) |
| 8:33 | Create | Villager (Male) |
| 8:44 | Build | House |
| 8:51 | Build | House |
| 8:54 | Build | Palisade Wall |
| 8:56 | Build | Palisade Wall |
| 9:00 | Build | Palisade Wall |
| 9:03 | Build | Palisade Wall |
| 9:05 | Create | Villager (Male) |
| 9:05 | Create | Villager (Male) |
| 9:08 | Build | Palisade Wall |
| 9:10 | Build | Palisade Wall |
| 9:13 | Build | Palisade Wall |
| 9:17 | Build | Palisade Wall |
| 9:20 | Build | Palisade Wall |
| 9:22 | Build | Palisade Wall |
| 9:27 | Build | Palisade Wall |
| 9:33 | Create | Villager (Male) |
| 10:25 | Build | Mining Camp |
| 10:43 | Research | Loom |
| 11:06 | Research | Feudal Age |
| 11:35 | Build | Mill |
| 12:03 | Create | Villager (Male) |
| 12:04 | Create | Villager (Male) |
| 12:36 | Build | Barracks |
| 13:18 | Age | Feudal Age |
| 13:25 | Build | Market |
| 13:52 | Create | Villager (Male) |
| 14:20 | Build | Archery Range |
| 14:26 | Create | Villager (Male) |
| 14:59 | Research | Castle Age |
| 15:02 | Build | House |
| 15:19 | Build | Palisade Gate |
| 15:20 | Build | Palisade Wall |
| 15:20 | Build | Palisade Wall |
| 15:25 | Build | Palisade Wall |
| 15:38 | Research | Double-Bit Axe |
| 15:38 | Research | Double-Bit Axe |
| 15:54 | Build | Blacksmith |
| 16:03 | Create | Villager (Male) |
| 16:32 | Create | Villager (Male) |
| 16:57 | Build | Archery Range |
| 17:01 | Research | Fletching |
| 17:01 | Research | Fletching |
| 17:20 | Create | Villager (Male) |
| 17:39 | Age | Castle Age |
| 17:41 | Create | Cavalry Archer |
| 17:41 | Create | Cavalry Archer |
| 17:42 | Research | Bodkin Arrow |
| 17:45 | Create | Cavalry Archer |
| 17:53 | Research | Bow Saw |
| 17:54 | Create | Cavalry Archer |
| 18:00 | Create | Cavalry Archer |
| 18:04 | Create | Villager (Male) |
| 18:06 | Create | Cavalry Archer |
| 18:16 | Build | Mill |
| 18:19 | Create | Villager (Male) |
| 18:33 | Create | Cavalry Archer |
| 18:40 | Create | Cavalry Archer |
| 18:41 | Create | Cavalry Archer |
| 18:51 | Create | Cavalry Archer |
| 18:51 | Create | Cavalry Archer |
| 18:57 | Build | House |
| 18:57 | Build | House |
| 19:16 | Create | Villager (Male) |
| 19:18 | Create | Cavalry Archer |
| 19:22 | Create | Skirmisher |
| 19:45 | Create | Villager (Male) |
| 19:47 | Create | Villager (Male) |
| 20:01 | Create | Cavalry Archer |
| 20:12 | Create | Villager (Male) |
| 20:24 | Create | Villager (Male) |
| 20:25 | Create | Villager (Male) |
| 20:29 | Build | Monastery |
| 20:29 | Create | Villager (Male) |
| 20:34 | Build | Town Center |
| 20:38 | Create | Villager (Male) |
| 20:50 | Build | House |
| 20:51 | Build | Palisade Wall |
| 20:52 | Build | Palisade Wall |
| 20:55 | Build | Palisade Wall |
| 20:56 | Build | Palisade Wall |
| 20:57 | Build | Palisade Wall |
| 21:01 | Create | Villager (Male) |
| 21:08 | Create | Cavalry Archer |
| 21:27 | Create | Villager (Male) |
| 21:43 | Research | Wheelbarrow |
| 21:44 | Create | Villager (Male) |
| 21:50 | Create | Villager (Male) |
| 21:56 | Create | Cavalry Archer |
| 21:59 | Create | Villager (Male) |
| 21:59 | Create | Villager (Male) |
| 22:11 | Build | Archery Range |
| 22:14 | Build | Stable |
| 22:19 | Create | Monk |
| 22:19 | Create | Monk |
| 22:30 | Create | Villager (Male) |
| 22:30 | Create | Villager (Male) |
| 22:30 | Create | Villager (Male) |
| 22:48 | Create | Villager (Male) |
| 23:02 | Create | Villager (Male) |
| 23:17 | Create | Villager (Male) |
| 23:25 | Build | Town Center |
| 23:27 | Build | Palisade Wall |
| 23:29 | Build | Palisade Wall |
| 23:31 | Build | Palisade Wall |
| 23:49 | Create | Villager (Male) |
| 23:49 | Create | Villager (Male) |
| 23:59 | Create | Villager (Male) |
| 24:01 | Create | Cavalry Archer |
| 24:01 | Create | Cavalry Archer |
| 24:08 | Create | Cavalry Archer |
| 24:19 | Create | Villager (Male) |
Build order — Carnage
First 150 of 228 actions detected
| 0:20 | Build | Town Center |
| 2:10 | Create | Villager (Male) |
| 2:25 | Create | Villager (Male) |
| 2:26 | Create | Villager (Male) |
| 2:26 | Create | Villager (Male) |
| 2:51 | Build | House |
| 2:55 | Research | Loom |
| 2:55 | Create | Villager (Male) |
| 2:56 | Create | Villager (Male) |
| 3:31 | Build | House |
| 3:48 | Create | Villager (Male) |
| 4:12 | Create | Villager (Male) |
| 4:21 | Create | Villager (Male) |
| 4:50 | Build | Lumber Camp |
| 4:51 | Create | Villager (Male) |
| 5:06 | Build | House |
| 5:11 | Create | Villager (Male) |
| 5:12 | Create | Villager (Male) |
| 5:30 | Create | Villager (Male) |
| 6:28 | Build | House |
| 6:56 | Create | Villager (Male) |
| 7:29 | Create | Villager (Male) |
| 7:41 | Build | Mill |
| 7:42 | Create | Villager (Male) |
| 7:56 | Create | Villager (Male) |
| 8:29 | Build | House |
| 8:39 | Build | House |
| 8:42 | Create | Villager (Male) |
| 8:48 | Research | Feudal Age |
| 8:58 | Create | Villager (Male) |
| 9:39 | Build | House |
| 10:16 | Build | Barracks |
| 11:01 | Age | Feudal Age |
| 11:08 | Build | Stable |
| 11:18 | Build | Palisade Wall |
| 11:19 | Build | Palisade Wall |
| 11:20 | Build | Palisade Wall |
| 11:21 | Build | Palisade Wall |
| 11:21 | Build | Palisade Wall |
| 11:23 | Create | Villager (Male) |
| 11:38 | Create | Spearman |
| 11:40 | Research | Double-Bit Axe |
| 11:41 | Create | Villager (Male) |
| 11:54 | Build | House |
| 11:56 | Build | Palisade Wall |
| 12:00 | Create | Scout Cavalry |
| 12:01 | Create | Scout Cavalry |
| 12:08 | Research | Horse Collar |
| 12:08 | Research | Horse Collar |
| 12:09 | Create | Villager (Male) |
| 12:31 | Build | Mining Camp |
| 12:31 | Create | Villager (Male) |
| 12:32 | Create | Scout Cavalry |
| 12:39 | Build | House |
| 12:41 | Build | Palisade Wall |
| 13:04 | Create | Villager (Male) |
| 13:06 | Build | Farm |
| 13:12 | Create | Scout Cavalry |
| 13:16 | Build | Palisade Wall |
| 13:18 | Create | Villager (Male) |
| 13:21 | Build | Farm |
| 13:33 | Create | Scout Cavalry |
| 13:39 | Build | Farm |
| 13:40 | Create | Villager (Male) |
| 13:47 | Create | Scout Cavalry |
| 13:51 | Create | Villager (Male) |
| 14:06 | Create | Villager (Male) |
| 14:08 | Build | Farm |
| 14:18 | Build | House |
| 14:25 | Create | Villager (Male) |
| 14:32 | Build | Palisade Gate |
| 14:37 | Create | Villager (Male) |
| 15:01 | Create | Scout Cavalry |
| 15:14 | Create | Villager (Male) |
| 15:17 | Build | Blacksmith |
| 15:22 | Create | Villager (Male) |
| 15:24 | Build | Farm |
| 15:38 | Create | Scout Cavalry |
| 15:42 | Research | Bloodlines |
| 15:45 | Create | Villager (Male) |
| 15:49 | Create | Villager (Male) |
| 15:51 | Build | House |
| 15:56 | Build | House |
| 16:05 | Create | Villager (Male) |
| 16:08 | Build | Farm |
| 16:12 | Build | Farm |
| 16:16 | Create | Villager (Male) |
| 16:21 | Research | Scale Barding Armor |
| 16:22 | Research | Scale Barding Armor |
| 16:26 | Create | Villager (Male) |
| 16:28 | Build | Farm |
| 16:37 | Build | Farm |
| 17:01 | Create | Scout Cavalry |
| 17:03 | Create | Villager (Male) |
| 17:06 | Build | Farm |
| 17:46 | Create | Villager (Male) |
| 18:15 | Create | Scout Cavalry |
| 18:15 | Create | Villager (Male) |
| 18:18 | Build | Mill |
| 18:18 | Build | Farm |
| 18:18 | Build | Farm |
| 18:19 | Build | Farm |
| 18:19 | Build | Farm |
| 18:19 | Build | Farm |
| 18:31 | Create | Villager (Male) |
| 18:34 | Build | Farm |
| 19:03 | Create | Villager (Male) |
| 19:22 | Build | Farm |
| 19:43 | Build | Archery Range |
| 20:01 | Research | Castle Age |
| 20:01 | Research | Castle Age |
| 20:41 | Research | Fletching |
| 20:51 | Build | Archery Range |
| 20:54 | Build | Palisade Wall |
| 20:55 | Build | Palisade Wall |
| 21:31 | Build | Palisade Wall |
| 21:32 | Build | Palisade Wall |
| 21:37 | Build | House |
| 21:38 | Build | House |
| 21:48 | Research | Padded Archer Armor |
| 21:58 | Build | Archery Range |
| 22:00 | Build | Palisade Wall |
| 22:10 | Build | Palisade Wall |
| 22:17 | Build | Archery Range |
| 22:30 | Research | Gold Mining |
| 22:41 | Age | Castle Age |
| 22:44 | Build | Town Center |
| 22:46 | Create | Cavalry Archer |
| 22:47 | Create | Cavalry Archer |
| 22:49 | Research | Bodkin Arrow |
| 22:49 | Create | Villager (Male) |
| 23:02 | Build | Lumber Camp |
| 23:03 | Create | Cavalry Archer |
| 23:12 | Build | House |
| 23:15 | Create | Cavalry Archer |
| 23:15 | Create | Cavalry Archer |
| 23:16 | Create | Villager (Male) |
| 23:26 | Create | Cavalry Archer |
| 23:26 | Create | Cavalry Archer |
| 23:33 | Create | Cavalry Archer |
| 23:40 | Research | Husbandry |
| 23:40 | Research | Husbandry |
| 23:41 | Create | Cavalry Archer |
| 23:43 | Create | Villager (Male) |
| 23:50 | Build | Palisade Wall |
| 23:53 | Create | Cavalry Archer |
| 23:54 | Create | Cavalry Archer |
| 24:01 | Create | Cavalry Archer |
| 24:09 | Create | Villager (Male) |
| 24:13 | Create | Villager (Male) |
Build order — [R1] 12Tirador
First 150 of 181 actions detected
| 0:15 | Build | Town Center |
| 1:24 | Build | House |
| 2:32 | Create | Villager (Male) |
| 2:32 | Create | Villager (Male) |
| 2:32 | Create | Villager (Male) |
| 2:32 | Create | Villager (Male) |
| 3:41 | Create | Villager (Male) |
| 4:06 | Create | Villager (Male) |
| 4:22 | Build | House |
| 4:25 | Build | Lumber Camp |
| 4:28 | Build | Lumber Camp |
| 5:00 | Create | Villager (Male) |
| 5:24 | Create | Villager (Male) |
| 5:49 | Create | Villager (Male) |
| 5:49 | Create | Villager (Male) |
| 6:01 | Build | House |
| 6:13 | Create | Villager (Male) |
| 6:43 | Create | Villager (Male) |
| 6:43 | Create | Villager (Male) |
| 7:03 | Build | House |
| 7:11 | Create | Villager (Male) |
| 7:15 | Build | Dock |
| 7:22 | Build | House |
| 7:37 | Create | Villager (Male) |
| 7:56 | Create | Fishing Ship |
| 7:59 | Create | Villager (Male) |
| 8:16 | Create | Villager (Male) |
| 8:16 | Create | Villager (Male) |
| 8:51 | Create | Villager (Male) |
| 8:51 | Create | Villager (Male) |
| 8:51 | Create | Villager (Male) |
| 8:52 | Create | Fishing Ship |
| 9:03 | Create | Villager (Male) |
| 9:03 | Research | Loom |
| 9:14 | Create | Villager (Male) |
| 9:33 | Create | Fishing Ship |
| 10:08 | Create | Villager (Male) |
| 10:18 | Build | Barracks |
| 10:38 | Research | Feudal Age |
| 11:14 | Create | Villager (Male) |
| 11:18 | Build | House |
| 12:11 | Build | Mining Camp |
| 12:22 | Build | House |
| 12:36 | Create | Villager (Male) |
| 12:48 | Age | Feudal Age |
| 12:49 | Build | Stable |
| 12:50 | Research | Double-Bit Axe |
| 13:11 | Create | Spearman |
| 13:13 | Create | Villager (Male) |
| 13:18 | Create | Scout Cavalry |
| 13:35 | Create | Scout Cavalry |
| 13:40 | Create | Villager (Male) |
| 13:46 | Create | Spearman |
| 13:50 | Create | Villager (Male) |
| 14:02 | Build | Outpost |
| 14:18 | Build | Mill |
| 14:26 | Build | Watch Tower |
| 14:35 | Build | House |
| 14:37 | Build | House |
| 14:46 | Build | House |
| 14:50 | Create | Villager (Male) |
| 14:55 | Create | Villager (Male) |
| 15:00 | Build | House |
| 15:09 | Build | House |
| 15:27 | Build | Watch Tower |
| 15:40 | Build | Archery Range |
| 15:46 | Create | Villager (Male) |
| 15:54 | Create | Villager (Male) |
| 16:01 | Build | Palisade Gate |
| 16:03 | Build | Palisade Wall |
| 16:14 | Create | Villager (Male) |
| 16:34 | Create | Villager (Male) |
| 16:37 | Create | Villager (Male) |
| 16:39 | Build | Watch Tower |
| 16:41 | Build | House |
| 16:44 | Build | House |
| 16:46 | Build | House |
| 16:48 | Create | Villager (Male) |
| 16:52 | Create | Villager (Male) |
| 17:18 | Build | Mill |
| 17:18 | Create | Villager (Male) |
| 17:20 | Create | Villager (Male) |
| 17:23 | Create | Skirmisher |
| 17:29 | Create | Villager (Male) |
| 17:32 | Create | Skirmisher |
| 17:35 | Create | Villager (Male) |
| 17:44 | Build | Palisade Wall |
| 17:45 | Create | Villager (Male) |
| 17:50 | Create | Villager (Male) |
| 17:59 | Create | Villager (Male) |
| 18:03 | Create | Fishing Ship |
| 18:08 | Build | Mill |
| 18:16 | Build | Watch Tower |
| 18:36 | Create | Villager (Male) |
| 18:44 | Create | Villager (Male) |
| 18:45 | Create | Villager (Male) |
| 18:47 | Create | Villager (Male) |
| 18:47 | Create | Villager (Male) |
| 18:48 | Build | House |
| 18:49 | Create | Villager (Male) |
| 18:49 | Create | Villager (Male) |
| 18:51 | Build | Mill |
| 18:59 | Build | Mining Camp |
| 19:03 | Build | Watch Tower |
| 19:06 | Build | Watch Tower |
| 19:07 | Create | Villager (Male) |
| 19:17 | Research | Town Watch |
| 19:17 | Research | Wheelbarrow |
| 19:18 | Create | Villager (Male) |
| 19:23 | Build | Outpost |
| 19:23 | Create | Villager (Male) |
| 19:24 | Create | Villager (Male) |
| 19:26 | Build | Mill |
| 19:28 | Build | Mill |
| 19:37 | Create | Villager (Male) |
| 19:44 | Create | Villager (Male) |
| 19:51 | Create | Villager (Male) |
| 20:00 | Create | Villager (Male) |
| 20:06 | Create | Spearman |
| 20:09 | Build | House |
| 20:09 | Build | House |
| 20:11 | Build | House |
| 20:12 | Build | House |
| 20:19 | Build | House |
| 20:21 | Build | Palisade Wall |
| 20:22 | Build | Palisade Wall |
| 20:23 | Build | House |
| 20:25 | Build | House |
| 20:25 | Create | Villager (Male) |
| 20:30 | Create | Villager (Male) |
| 20:36 | Create | Villager (Male) |
| 20:37 | Create | Villager (Male) |
| 20:49 | Create | Villager (Male) |
| 20:52 | Build | Palisade Wall |
| 20:52 | Build | Palisade Wall |
| 20:53 | Build | Palisade Wall |
| 20:53 | Build | Palisade Wall |
| 20:54 | Build | Palisade Wall |
| 20:55 | Build | Palisade Wall |
| 20:55 | Build | Palisade Wall |
| 20:56 | Build | Palisade Wall |
| 20:57 | Build | Palisade Wall |
| 20:57 | Create | Villager (Male) |
| 21:03 | Build | Watch Tower |
| 21:05 | Create | Villager (Male) |
| 21:13 | Create | Villager (Male) |
| 21:17 | Create | Villager (Male) |
| 21:19 | Build | Market |
| 21:24 | Build | Fish Trap |
| 21:27 | Create | Villager (Male) |
Build order — CristinaLover
First 150 of 190 actions detected
| 0:14 | Build | House |
| 0:30 | Build | Town Center |
| 1:24 | Build | House |
| 2:16 | Build | House |
| 2:29 | Build | House |
| 2:47 | Create | Villager (Male) |
| 2:48 | Create | Villager (Male) |
| 2:48 | Create | Villager (Male) |
| 2:48 | Create | Villager (Male) |
| 4:04 | Create | Villager (Male) |
| 4:47 | Create | Villager (Male) |
| 4:47 | Create | Villager (Male) |
| 4:58 | Build | Lumber Camp |
| 5:10 | Create | Villager (Male) |
| 5:10 | Create | Villager (Male) |
| 6:01 | Create | Villager (Male) |
| 6:27 | Create | Villager (Male) |
| 6:36 | Build | House |
| 6:37 | Build | House |
| 6:55 | Create | Villager (Male) |
| 6:55 | Create | Villager (Male) |
| 6:56 | Create | Villager (Male) |
| 7:04 | Create | Villager (Male) |
| 7:15 | Build | House |
| 7:15 | Build | House |
| 7:21 | Build | Palisade Gate |
| 7:29 | Build | Palisade Wall |
| 7:31 | Build | Palisade Wall |
| 7:53 | Create | Villager (Male) |
| 8:11 | Build | Mill |
| 8:37 | Create | Villager (Male) |
| 9:02 | Create | Villager (Male) |
| 9:07 | Build | Mill |
| 9:20 | Create | Villager (Male) |
| 9:25 | Build | House |
| 9:34 | Create | Villager (Male) |
| 9:49 | Build | House |
| 10:08 | Create | Villager (Male) |
| 10:35 | Build | House |
| 10:41 | Create | Villager (Male) |
| 11:01 | Research | Loom |
| 11:02 | Research | Feudal Age |
| 11:26 | Build | Mining Camp |
| 12:33 | Build | Palisade Wall |
| 12:43 | Build | Palisade Wall |
| 13:00 | Build | Palisade Wall |
| 13:02 | Build | Palisade Wall |
| 13:02 | Build | Palisade Wall |
| 13:03 | Build | Palisade Wall |
| 13:04 | Build | Palisade Wall |
| 13:23 | Create | Villager (Male) |
| 13:24 | Create | Villager (Male) |
| 13:43 | Age | Feudal Age |
| 13:45 | Build | Blacksmith |
| 13:49 | Build | Market |
| 13:54 | Build | Palisade Wall |
| 13:57 | Build | Palisade Wall |
| 14:03 | Build | House |
| 14:05 | Build | House |
| 14:27 | Research | Double-Bit Axe |
| 14:37 | Research | Castle Age |
| 14:37 | Research | Castle Age |
| 14:58 | Research | Horse Collar |
| 15:01 | Build | Farm |
| 15:03 | Build | Farm |
| 15:41 | Build | Barracks |
| 16:02 | Build | Farm |
| 16:10 | Build | Farm |
| 16:18 | Create | Villager (Male) |
| 16:51 | Build | Stable |
| 17:13 | Build | Farm |
| 17:16 | Create | Villager (Male) |
| 17:17 | Age | Castle Age |
| 17:25 | Research | Bow Saw |
| 17:28 | Create | Knight |
| 17:28 | Create | Knight |
| 18:01 | Create | Villager (Male) |
| 18:16 | Research | Scale Barding Armor |
| 18:30 | Create | Villager (Male) |
| 18:32 | Create | Knight |
| 18:45 | Build | Town Center |
| 18:55 | Build | Farm |
| 19:06 | Create | Villager (Male) |
| 19:06 | Create | Villager (Male) |
| 19:10 | Create | Villager (Male) |
| 19:11 | Build | Farm |
| 19:18 | Create | Knight |
| 19:33 | Create | Villager (Male) |
| 19:49 | Create | Villager (Male) |
| 19:52 | Build | Farm |
| 19:54 | Build | Farm |
| 20:22 | Create | Knight |
| 20:30 | Create | Knight |
| 20:38 | Create | Villager (Male) |
| 20:55 | Create | Knight |
| 21:05 | Build | Farm |
| 21:05 | Build | Farm |
| 21:05 | Build | Farm |
| 21:14 | Create | Villager (Male) |
| 21:15 | Create | Knight |
| 21:18 | Build | Farm |
| 21:21 | Create | Villager (Male) |
| 21:28 | Build | Town Center |
| 21:32 | Create | Villager (Male) |
| 22:06 | Create | Knight |
| 22:08 | Create | Villager (Male) |
| 22:08 | Create | Villager (Male) |
| 22:13 | Research | Husbandry |
| 22:47 | Create | Knight |
| 23:02 | Research | Fletching |
| 23:18 | Create | Villager (Male) |
| 23:30 | Create | Knight |
| 23:52 | Research | Forging |
| 24:04 | Build | Farm |
| 24:04 | Build | Farm |
| 24:05 | Build | Farm |
| 24:05 | Build | Farm |
| 24:11 | Create | Villager (Male) |
| 24:15 | Build | House |
| 24:18 | Build | House |
| 24:27 | Research | Gold Mining |
| 24:34 | Create | Villager (Male) |
| 24:41 | Build | Farm |
| 24:42 | Build | Farm |
| 24:45 | Build | Farm |
| 24:45 | Build | Farm |
| 24:47 | Create | Villager (Male) |
| 25:03 | Create | Villager (Male) |
| 25:05 | Create | Villager (Male) |
| 25:05 | Create | Villager (Male) |
| 25:08 | Build | House |
| 25:09 | Build | House |
| 25:15 | Build | House |
| 25:19 | Create | Villager (Male) |
| 25:37 | Create | Villager (Male) |
| 25:37 | Create | Villager (Male) |
| 25:56 | Create | Villager (Male) |
| 26:08 | Create | Knight |
| 26:10 | Create | Villager (Male) |
| 26:14 | Create | Villager (Male) |
| 26:15 | Create | Villager (Male) |
| 26:23 | Build | Farm |
| 26:23 | Build | Farm |
| 26:23 | Build | Farm |
| 26:24 | Build | Farm |
| 26:24 | Build | Farm |
| 26:30 | Build | Farm |
| 26:31 | Build | Farm |
| 26:42 | Build | Farm |
| 26:43 | Build | Farm |
Build order — Moneimon
First 150 of 200 actions detected
| 0:08 | Build | Town Center |
| 0:17 | Build | House |
| 2:33 | Create | Villager (Male) |
| 2:33 | Create | Villager (Male) |
| 2:34 | Create | Villager (Male) |
| 2:34 | Create | Villager (Male) |
| 2:52 | Build | Palisade Wall |
| 3:41 | Create | Villager (Male) |
| 3:50 | Build | Lumber Camp |
| 3:53 | Build | House |
| 4:21 | Create | Villager (Male) |
| 4:37 | Create | Villager (Male) |
| 4:37 | Create | Villager (Male) |
| 5:25 | Create | Villager (Male) |
| 5:25 | Create | Villager (Male) |
| 5:31 | Build | House |
| 5:41 | Create | Villager (Male) |
| 5:42 | Create | Villager (Male) |
| 6:05 | Build | Palisade Wall |
| 6:27 | Create | Villager (Male) |
| 6:36 | Build | Palisade Wall |
| 6:47 | Create | Villager (Male) |
| 6:58 | Create | Villager (Male) |
| 7:18 | Create | Villager (Male) |
| 7:34 | Build | Mill |
| 7:38 | Create | Villager (Male) |
| 7:49 | Create | Villager (Male) |
| 8:05 | Create | Villager (Male) |
| 9:13 | Research | Feudal Age |
| 9:37 | Build | House |
| 10:44 | Build | Barracks |
| 11:18 | Build | House |
| 11:23 | Age | Feudal Age |
| 11:24 | Create | Villager (Male) |
| 11:48 | Build | Stable |
| 11:51 | Create | Villager (Male) |
| 12:12 | Build | House |
| 12:16 | Research | Double-Bit Axe |
| 12:18 | Create | Villager (Male) |
| 12:22 | Build | Palisade Wall |
| 12:24 | Create | Villager (Male) |
| 12:30 | Create | Scout Cavalry |
| 12:30 | Create | Scout Cavalry |
| 12:36 | Research | Loom |
| 12:43 | Create | Villager (Male) |
| 12:55 | Create | Villager (Male) |
| 12:59 | Build | Mill |
| 13:05 | Create | Villager (Male) |
| 13:16 | Build | House |
| 13:23 | Create | Scout Cavalry |
| 13:25 | Create | Villager (Male) |
| 13:31 | Create | Spearman |
| 13:42 | Build | House |
| 13:45 | Create | Scout Cavalry |
| 13:46 | Create | Villager (Male) |
| 13:47 | Research | Horse Collar |
| 13:57 | Create | Villager (Male) |
| 14:15 | Build | Palisade Wall |
| 14:21 | Create | Villager (Male) |
| 14:22 | Create | Villager (Male) |
| 14:23 | Build | Farm |
| 14:24 | Build | Farm |
| 14:28 | Create | Scout Cavalry |
| 14:33 | Create | Villager (Male) |
| 14:35 | Build | Farm |
| 14:49 | Create | Villager (Male) |
| 14:51 | Build | Farm |
| 14:55 | Create | Scout Cavalry |
| 14:56 | Create | Villager (Male) |
| 15:12 | Create | Villager (Male) |
| 15:20 | Create | Scout Cavalry |
| 15:24 | Build | Mining Camp |
| 15:39 | Create | Scout Cavalry |
| 15:40 | Create | Villager (Male) |
| 15:43 | Build | Farm |
| 15:47 | Create | Villager (Male) |
| 15:50 | Create | Villager (Male) |
| 15:56 | Create | Scout Cavalry |
| 16:04 | Create | Villager (Male) |
| 16:18 | Build | Blacksmith |
| 16:33 | Research | Wheelbarrow |
| 16:36 | Create | Villager (Male) |
| 16:47 | Build | House |
| 17:05 | Build | Farm |
| 17:09 | Build | Farm |
| 17:28 | Research | Bloodlines |
| 17:29 | Research | Forging |
| 17:29 | Research | Forging |
| 17:39 | Build | Farm |
| 17:39 | Create | Villager (Male) |
| 17:46 | Build | Palisade Wall |
| 17:48 | Build | Palisade Wall |
| 17:51 | Build | Palisade Wall |
| 17:58 | Research | Scale Barding Armor |
| 17:59 | Create | Villager (Male) |
| 18:02 | Build | Farm |
| 18:24 | Create | Spearman |
| 18:31 | Create | Scout Cavalry |
| 18:44 | Build | Mill |
| 18:46 | Create | Scout Cavalry |
| 18:59 | Create | Scout Cavalry |
| 19:00 | Create | Villager (Male) |
| 19:26 | Build | Farm |
| 19:27 | Build | House |
| 19:33 | Create | Villager (Male) |
| 19:36 | Build | Farm |
| 19:36 | Create | Villager (Male) |
| 20:03 | Build | Farm |
| 20:25 | Create | Villager (Male) |
| 20:50 | Build | Farm |
| 20:51 | Build | House |
| 20:55 | Research | Gold Mining |
| 20:56 | Create | Villager (Male) |
| 21:04 | Build | Mining Camp |
| 21:41 | Research | Castle Age |
| 21:41 | Research | Castle Age |
| 21:47 | Build | Stable |
| 22:53 | Create | Spearman |
| 22:54 | Create | Spearman |
| 22:55 | Research | Scale Mail Armor |
| 23:11 | Build | Lumber Camp |
| 23:33 | Create | Spearman |
| 24:04 | Create | Spearman |
| 24:14 | Build | Stable |
| 24:21 | Age | Castle Age |
| 24:24 | Create | Unit 1944 |
| 24:24 | Create | Unit 1944 |
| 24:24 | Create | Unit 1944 |
| 24:26 | Research | Chain Barding Armor |
| 24:26 | Research | Chain Barding Armor |
| 24:27 | Research | Bow Saw |
| 24:27 | Research | Heavy Plow |
| 24:30 | Create | Villager (Male) |
| 24:58 | Research | Husbandry |
| 24:58 | Create | Villager (Male) |
| 25:02 | Build | Town Center |
| 25:04 | Create | Villager (Male) |
| 25:09 | Create | Unit 1944 |
| 25:09 | Create | Unit 1944 |
| 25:19 | Create | Villager (Male) |
| 25:26 | Create | Villager (Male) |
| 25:38 | Create | Unit 1944 |
| 25:38 | Create | Unit 1944 |
| 25:47 | Create | Villager (Male) |
| 25:51 | Build | Farm |
| 25:51 | Build | House |
| 26:02 | Create | Villager (Male) |
| 26:06 | Build | Town Center |
| 26:13 | Create | Unit 1944 |
| 26:23 | Create | Unit 1944 |
Match timeline
| 2:52 | Moneimon · wall_segment Palisade Wall x1 |
| 4:40 | [R1] Duke PEÑAROL Thompson · wall_segment Palisade Wall x1 |
| 4:42 | [R1] Duke PEÑAROL Thompson · wall_segment Palisade Wall x1 |
| 6:05 | Moneimon · wall_segment Palisade Wall x1 |
| 6:36 | Moneimon · wall_segment Palisade Wall x1 |
| 6:52 | TAG_Sitaux · wall_segment Palisade Wall x1 |
| 6:54 | TAG_Sitaux · wall_segment Palisade Wall x1 |
| 6:56 | TAG_Sitaux · wall_segment Palisade Wall x1 |
| 7:15 | TAG_Sitaux · wall_segment Palisade Wall x1 |
| 7:15 | [R1] 12Tirador · first_building Dock |
| 7:29 | CristinaLover · wall_segment Palisade Wall x1 |
| 7:31 | CristinaLover · wall_segment Palisade Wall x1 |
| 7:47 | [R1] Duke PEÑAROL Thompson · wall_segment Palisade Wall x1 |
| 7:49 | [R1] Duke PEÑAROL Thompson · wall_segment Palisade Wall x1 |
| 7:52 | [R1] Duke PEÑAROL Thompson · wall_segment Palisade Wall x1 |
| 7:55 | [R1] Duke PEÑAROL Thompson · wall_segment Palisade Wall x1 |
| 8:00 | [R1] Duke PEÑAROL Thompson · wall_segment Palisade Wall x1 |
| 8:02 | [R1] Duke PEÑAROL Thompson · wall_segment Palisade Wall x1 |
| 8:05 | [R1] Duke PEÑAROL Thompson · wall_segment Palisade Wall x1 |
| 8:25 | [R1] Duke PEÑAROL Thompson · wall_segment Palisade Wall x1 |
| 8:54 | [R1] Duke PEÑAROL Thompson · wall_segment Palisade Wall x1 |
| 8:56 | [R1] Duke PEÑAROL Thompson · wall_segment Palisade Wall x1 |
| 9:00 | [R1] Duke PEÑAROL Thompson · wall_segment Palisade Wall x1 |
| 9:03 | [R1] Duke PEÑAROL Thompson · wall_segment Palisade Wall x1 |
| 9:08 | [R1] Duke PEÑAROL Thompson · wall_segment Palisade Wall x1 |
| 9:10 | [R1] Duke PEÑAROL Thompson · wall_segment Palisade Wall x1 |
| 9:13 | [R1] Duke PEÑAROL Thompson · wall_segment Palisade Wall x1 |
| 9:17 | [R1] Duke PEÑAROL Thompson · wall_segment Palisade Wall x1 |
| 9:20 | [R1] Duke PEÑAROL Thompson · wall_segment Palisade Wall x1 |
| 9:22 | [R1] Duke PEÑAROL Thompson · wall_segment Palisade Wall x1 |
| 9:27 | [R1] Duke PEÑAROL Thompson · wall_segment Palisade Wall x1 |
| 10:16 | Carnage · first_building Barracks |
| 10:18 | [R1] 12Tirador · first_building Barracks |
| 10:38 | TAG_Sitaux · age_up feudal |
| 10:44 | Moneimon · first_building Barracks |
| 11:01 | Carnage · age_up feudal |
| 11:08 | Carnage · first_building Stable |
| 11:18 | Carnage · wall_segment Palisade Wall x1 |
| 11:19 | Carnage · wall_segment Palisade Wall x1 |
| 11:20 | Carnage · wall_segment Palisade Wall x1 |
| 11:21 | Carnage · wall_segment Palisade Wall x2 |
| 11:21 | Carnage · wall_segment Palisade Wall x1 |
| 11:23 | Moneimon · age_up feudal |
| 11:28 | TAG_Sitaux · wall_segment Palisade Wall x1 |
| 11:44 | TAG_Sitaux · wall_segment Palisade Wall x13 |
| 11:48 | Moneimon · first_building Stable |
| 11:56 | Carnage · wall_segment Palisade Wall x3 |
| 12:22 | Moneimon · wall_segment Palisade Wall x11 |
| 12:33 | CristinaLover · wall_segment Palisade Wall x1 |
| 12:36 | [R1] Duke PEÑAROL Thompson · first_building Barracks |
| 12:41 | Carnage · wall_segment Palisade Wall x6 |
| 12:43 | CristinaLover · wall_segment Palisade Wall x9 |
| 12:48 | [R1] 12Tirador · age_up feudal |
| 12:49 | [R1] 12Tirador · first_building Stable |
| 12:59 | TAG_Sitaux · wall_segment Palisade Wall x1 |
| 13:00 | CristinaLover · wall_segment Palisade Wall x13 |
| 13:02 | TAG_Sitaux · wall_segment Palisade Wall x1 |
| 13:02 | CristinaLover · wall_segment Palisade Wall x1 |
| 13:02 | CristinaLover · wall_segment Palisade Wall x1 |
| 13:02 | TAG_Sitaux · wall_segment Palisade Wall x1 |
| 13:03 | TAG_Sitaux · wall_segment Palisade Wall x1 |
| 13:03 | CristinaLover · wall_segment Palisade Wall x1 |
| 13:04 | CristinaLover · wall_segment Palisade Wall x1 |
| 13:05 | TAG_Sitaux · wall_segment Palisade Wall x1 |
| 13:07 | TAG_Sitaux · wall_segment Palisade Wall x1 |
| 13:08 | TAG_Sitaux · wall_segment Palisade Wall x1 |
| 13:09 | TAG_Sitaux · wall_segment Palisade Wall x1 |
| 13:09 | TAG_Sitaux · wall_segment Palisade Wall x1 |
| 13:10 | TAG_Sitaux · wall_segment Palisade Wall x1 |
| 13:16 | Carnage · wall_segment Palisade Wall x2 |
| 13:18 | [R1] Duke PEÑAROL Thompson · age_up feudal |
| 13:43 | CristinaLover · age_up feudal |
| 13:54 | CristinaLover · wall_segment Palisade Wall x4 |
| 13:57 | CristinaLover · wall_segment Palisade Wall x2 |
| 14:15 | Moneimon · wall_segment Palisade Wall x1 |
| 14:17 | TAG_Sitaux · wall_segment Palisade Wall x1 |
| 14:20 | [R1] Duke PEÑAROL Thompson · first_building Archery Range |
| 14:20 | TAG_Sitaux · wall_segment Palisade Wall x1 |
| 14:21 | TAG_Sitaux · wall_segment Palisade Wall x1 |
| 14:23 | TAG_Sitaux · wall_segment Palisade Wall x1 |
| 15:20 | [R1] Duke PEÑAROL Thompson · wall_segment Palisade Wall x1 |
| 15:20 | [R1] Duke PEÑAROL Thompson · wall_segment Palisade Wall x1 |
| 15:22 | TAG_Sitaux · first_building Barracks |
| 15:25 | [R1] Duke PEÑAROL Thompson · wall_segment Palisade Wall x5 |
| 15:40 | [R1] 12Tirador · first_building Archery Range |
| 15:41 | CristinaLover · first_building Barracks |
| 16:03 | [R1] 12Tirador · wall_segment Palisade Wall x1 |
| 16:51 | CristinaLover · first_building Stable |
| 16:54 | TAG_Sitaux · wall_segment Palisade Wall x1 |
| 17:00 | TAG_Sitaux · wall_segment Palisade Wall x1 |
| 17:17 | CristinaLover · age_up castle |
| 17:39 | [R1] Duke PEÑAROL Thompson · age_up castle |
| 17:40 | TAG_Sitaux · wall_segment Palisade Wall x4 |
| 17:43 | TAG_Sitaux · wall_segment Palisade Wall x4 |
| 17:44 | TAG_Sitaux · wall_segment Palisade Wall x4 |
| 17:44 | [R1] 12Tirador · wall_segment Palisade Wall x1 |
| 17:46 | Moneimon · wall_segment Palisade Wall x1 |
| 17:47 | TAG_Sitaux · wall_segment Palisade Wall x1 |
| 17:48 | Moneimon · wall_segment Palisade Wall x1 |
| 17:50 | TAG_Sitaux · wall_segment Palisade Wall x2 |
| 17:51 | Moneimon · wall_segment Palisade Wall x1 |
| 18:21 | TAG_Sitaux · first_building Archery Range |
| 19:11 | TAG_Sitaux · wall_segment Palisade Wall x9 |
| 19:16 | TAG_Sitaux · wall_segment Palisade Wall x14 |
| 19:43 | Carnage · first_building Archery Range |
| 20:21 | [R1] 12Tirador · wall_segment Palisade Wall x1 |
| 20:22 | [R1] 12Tirador · wall_segment Palisade Wall x1 |
| 20:29 | [R1] Duke PEÑAROL Thompson · first_building Monastery |
| 20:51 | [R1] Duke PEÑAROL Thompson · wall_segment Palisade Wall x1 |
| 20:52 | [R1] 12Tirador · wall_segment Palisade Wall x1 |
| 20:52 | [R1] Duke PEÑAROL Thompson · wall_segment Palisade Wall x1 |
| 20:52 | [R1] 12Tirador · wall_segment Palisade Wall x1 |
| 20:53 | [R1] 12Tirador · wall_segment Palisade Wall x1 |
| 20:53 | [R1] 12Tirador · wall_segment Palisade Wall x1 |
| 20:54 | Carnage · wall_segment Palisade Wall x1 |
| 20:54 | [R1] 12Tirador · wall_segment Palisade Wall x1 |
| 20:55 | Carnage · wall_segment Palisade Wall x1 |
| 20:55 | [R1] 12Tirador · wall_segment Palisade Wall x1 |
| 20:55 | [R1] Duke PEÑAROL Thompson · wall_segment Palisade Wall x1 |
| 20:55 | [R1] 12Tirador · wall_segment Palisade Wall x1 |
| 20:56 | [R1] Duke PEÑAROL Thompson · wall_segment Palisade Wall x1 |
| 20:56 | [R1] 12Tirador · wall_segment Palisade Wall x1 |
| 20:57 | [R1] Duke PEÑAROL Thompson · wall_segment Palisade Wall x1 |
| 20:57 | [R1] 12Tirador · wall_segment Palisade Wall x1 |
| 21:31 | Carnage · wall_segment Palisade Wall x1 |
| 21:32 | TAG_Sitaux · wall_segment Palisade Wall x25 |
| 21:32 | Carnage · wall_segment Palisade Wall x1 |
| 21:33 | TAG_Sitaux · wall_segment Palisade Wall x5 |
| 21:56 | TAG_Sitaux · first_market_buy 100 stone |
| 22:00 | Carnage · wall_segment Palisade Wall x2 |
| 22:10 | Carnage · wall_segment Palisade Wall x1 |
| 22:12 | CristinaLover · first_market_sell 100 wood |
| 22:12 | CristinaLover · first_market_buy 100 food |
| 22:14 | [R1] Duke PEÑAROL Thompson · first_building Stable |
| 22:23 | TAG_Sitaux · wall_segment Palisade Wall x6 |
| 22:41 | Carnage · age_up castle |
| 23:27 | [R1] Duke PEÑAROL Thompson · wall_segment Palisade Wall x1 |
| 23:29 | [R1] Duke PEÑAROL Thompson · wall_segment Palisade Wall x1 |
| 23:31 | [R1] Duke PEÑAROL Thompson · wall_segment Palisade Wall x1 |
| 23:46 | [R1] 12Tirador · wall_segment Palisade Wall x1 |
| 23:47 | [R1] 12Tirador · wall_segment Palisade Wall x1 |
| 23:50 | Carnage · wall_segment Palisade Wall x1 |
| 23:52 | TAG_Sitaux · first_market_sell 100 stone |
| 24:21 | Moneimon · age_up castle |
| 24:58 | [R1] 12Tirador · age_up castle |
| 25:10 | [R1] 12Tirador · first_market_buy 100 stone |
| 25:11 | [R1] 12Tirador · first_market_sell 500 food |
| 25:21 | [R1] Duke PEÑAROL Thompson · first_market_buy 100 food |
| 26:02 | [R1] 12Tirador · first_building Krepost |
| 26:31 | [R1] 12Tirador · first_building Monastery |
| 26:37 | TAG_Sitaux · age_up castle |
| 27:15 | TAG_Sitaux · first_building Castle |
| 27:25 | TAG_Sitaux · wall_segment Palisade Wall x3 |
| 27:27 | TAG_Sitaux · wall_segment Palisade Wall x8 |
| 27:36 | CristinaLover · wall_segment Palisade Wall x1 |
| 29:18 | Moneimon · first_market_buy 100 stone |
| 29:35 | TAG_Sitaux · wall_segment Palisade Wall x1 |
| 29:53 | Moneimon · first_market_sell 100 food |
| 30:24 | Moneimon · resign |
[ AI ANALYSIS · 1 CREDIT ]
What really happened in this match?
Wolo.gg analyzes every decision: build order, eco, micro, common mistakes by bracket. Personalized analysis on WhatsApp or Discord in 30 seconds.
Civ guide
Cumans
Perfil
Jugador #212721